 Dungeon Crawl Stone Soup version 0.30.1-11-g7821555f0a (webtiles) character file.

Game seed: 13917129964478481836

13962 KyoPewz the Unseen (level 11, -2/54 HPs)
             Began as a Felid Enchanter on Oct 31, 2023.
             Was a High Priest of Dithmenos.
             Slain by a minotaur
             ... wielding the staff of air "Zimmamp" {rElec Str-4 Int+9}
              (17 damage)
             ... in a Gauntlet on Nov 1, 2023.
             The game lasted 01:36:31 (20478 turns).

KyoPewz the Unseen (Felid Enchanter)               Turns: 20478, Time: 01:36:32

Health: -2/54      AC:  3    Str: 12    XL:     11   Next: 82%
Magic:  14/18      EV: 25    Int: 18    God:    Dithmenos [*****.]
Gold:   1124       SH:  0    Dex: 16    Spells: 7/18 levels left
                                        Lives:  0   Deaths: 3

rFire   . .          .
                       - Unarmed
rCold   + + .        (shield unavailable)
rNeg    . . .        (body armour unavailable)
rPois   +            (helmet unavailable)
rElec   .            (cloak unavailable)
rCorr   +            (gloves unavailable)
SInv    +            (boots unavailable)
Will    +....        m - amulet of regeneration
Stlth   ++++++++++   j - +6 ring of strength
HPRegen 1.09/turn    u - ring "Wikkof" {rPois rC+ rCorr Str-2 Slay+2}
MPRegen 0.16/turn

%: no teleportation
@: wreathed by umbra, quick
A: very small, claws 1, fangs 3, see invisible, speed 1, shaggy fur 3, stealthy
paws, no weapons or thrown items, no armour, multi-lived
a: Renounce Religion, Shadow Step, Shadow Form


You were in a Gauntlet.
You worshipped Dithmenos.
Dithmenos was extremely pleased with you.
You visited 4 branches of the dungeon, and saw 19 of its levels.
You also visited: Sewer, Ossuary, Gauntlet and Ice Cave.

You collected 1604 gold pieces.
You spent 480 gold pieces at shops.

Inventory:

Jewellery
 a - a +6 ring of intelligence
 e - a ring of ice
 j - a +6 ring of strength (left paw)
 m - an amulet of regeneration (around neck)
 o - an amulet of magic regeneration
 p - the ring "Kaqovej" {rPois Int+2 Dex+3}
   (You found it in a Gauntlet)

   [ring of poison resistance]

   Int:       It affects your intelligence (+2).
   Dex:       It affects your dexterity (+3).
   rPois:     It protects you from poison.
 u - the ring "Wikkof" (right paw) {rPois rC+ rCorr Str-2 Slay+2}
   (You found it in a Gauntlet)

   [ring of resist corrosion]

   Str:       It affects your strength (-2).
   Slay:      It affects your accuracy & damage with ranged weapons and melee
   (+2).
   rC:        It protects you from cold.
   rPois:     It protects you from poison.
   rCorr:     It protects you from acid and corrosion.
 y - a +5 ring of evasion
 A - a ring of flight
 M - a +4 ring of protection
 P - a ring of poison resistance
 W - a ring of wizardry
Wands
 D - a wand of digging (10)
 G - a wand of iceblast (21)
 I - a wand of paralysis (8)
 J - a wand of flame (26)
 N - a wand of quicksilver (5)
Scrolls
 b - 2 scrolls of fog
 c - a scroll of torment
 f - a scroll of summoning
 g - a scroll of fear (quivered)
 k - 6 scrolls of magic mapping
 r - a scroll of identify
 t - 6 scrolls of teleportation
 w - 2 scrolls of silence
 B - 3 scrolls of blinking
 E - 4 scrolls of amnesia
 F - 4 scrolls of vulnerability
 H - 6 scrolls of immolation
 K - 2 scrolls of poison
Potions
 d - 2 potions of ambrosia
 h - 3 potions of haste
 i - 2 potions of cancellation
 l - 3 potions of heal wounds
 n - 2 potions of resistance
 q - 9 potions of curing
 s - 8 potions of flight
 v - 3 potions of lignification
 x - 3 potions of mutation
 z - 2 potions of brilliance
 O - a potion of magic {unknown}
 R - 2 potions of attraction
Miscellaneous
 L - a tin of tremorstones (2/2)


   Skills:
 - Level 10.0 Fighting
 - Level 12.0 Dodging
 - Level 15.0 Stealth
 - Level 13.0 Unarmed Combat
 + Level 4.4 Spellcasting
 - Level 3.0 Conjurations
 + Level 11.8 Hexes
 - Level 4.0 Ice Magic
 + Level 4.3 Invocations
 + Level 4.8 Evocations


You had 7 spell levels left.
You knew the following spells:

 Your Spells              Type           Power      Damage    Failure   Level
a - Ensorcelled Hibernat  Hex/Ice        64%        N/A       1%          2
b - Tukima's Dance        Hex            46%        N/A       1%          3
c - Confusing Touch       Hex            46%        N/A       1%          3
d - Dazzling Flash        Conj/Hex       60%        N/A       1%          3

Your spell library contained the following spells:

 Spells                   Type           Power      Damage    Failure   Level
 Slow                     Hex            100%       N/A       1%          1
 Summon Guardian Golem    Hex/Summ       25%        N/A       3%          3
 Ozocubu's Armour         Ice            18%        N/A       9%          3
 Hailstorm                Conj/Ice       16%        3d6       10%         3
 Sandblast                Erth           8%         2d5       14%         1
 Metabolic Englaciation   Hex/Ice        16%        N/A       16%         5
 Passwall                 Tmut/Erth      3%         N/A       22%         2
 Sublimation of Blood     Necr           4%         N/A       22%         2
 Stone Arrow              Conj/Erth      18%        3d8       22%         3
 Silence                  Hex/Air        12%        N/A       34%         5
 Summon Mana Viper        Hex/Summ       25%        N/A       34%         5
 Ice Form                 Ice/Tmut       11%        N/A       52%         4
 Summon Ice Beast         Ice/Summ       11%        N/A       52%         4
 Enfeeble                 Hex            23%        N/A       65%         7
 Animate Dead             Necr           4%         N/A       80%         4
 Petrify                  Tmut/Erth      4%         N/A       80%         4
 Irradiate                Conj/Tmut      4%         3d13      91%         5
 Agony                    Necr           4%         N/A       98%         5
 Blade Hands              Tmut           2%         N/A       98%         5
 Borgnjor's Vile Clutch   Necr/Erth      2%         N/A       98%         5
 Conjure Ball Lightning   Conj/Air       4%         3x3d6     100%        6
 Death Channel            Necr           2%         N/A       100%        6
 Iron Shot                Conj/Erth      4%         9d2       100%        6
 Simulacrum               Ice/Necr       5%         N/A       100%        6
 Statue Form              Tmut/Erth      2%         N/A       100%        6
 Monstrous Menagerie      Summ           2%         N/A       100%        7
 Discord                  Hex            23%        N/A       100%        8
 Disjunction              Tloc           2%         N/A       100%        8
 Chain Lightning          Conj/Air       4%         3d6       100%        9
 Fire Storm               Conj/Fire      4%         8d1       100%        9
 Shatter                  Erth           2%         3d6*      100%        9
 Animate Armour           Summ/Erth      Unusable   N/A       N/A         4

Dungeon Overview and Level Annotations

Branches:
Dungeon (13/15)            Temple (1/1) D:7            Lair (3/5) D:10
 Shoals (0/4) Lair:3       Spider (0/4) Lair:2          Orc (2/2) D:11
    Elf (0/3) Orc:2         Sewer (visited)         Ossuary (visited)
  IceCv (visited)         Gauntlet (1/1)
 Vaults: D:13-14

Altars:
Ashenzari
Cheibriados
Dithmenos
Elyvilon
Fedhas
Gozag
Hepliaklqana
Kikubaaqudgha
Makhleb
Nemelex Xobeh
Okawaru
Qazlal
Ru
Sif Muna
Trog
Uskayaw
Vehumet
Wu Jian
Xom
Yredelemnul
Zin
The Shining One

Shops:
D:8 =   D:13 =?!(*   Orc:1 *

Annotations:
Lair:3 Rupert Gauntlet 6 transporters, 2 runed translucent doors


Innate Abilities, Weirdness & Mutations

You have sharp claws.
You have razor-sharp teeth.
You have supernaturally acute eyesight. (SInv)
You cover ground quickly. (Speed+)
Your thick and shaggy fur keeps you warm. (AC +3, rC+)
Your paws help you pounce on unaware monsters.
You are incapable of wielding weapons or throwing items.
You cannot wear armour.
You gain extra lives every three experience levels.


Message History

Here: a thrashing horror (umbra)
The floor.
Press: ? - help, v - describe, . - travel
Here: a minotaur, wielding the staff of air "Zimmamp" {rElec Str-4 Int+9}, wearing a +0 chain mail, wearing a ring of resist corrosion and quivering silver javelins (lightly wounded, wandering, hasn't noticed you, umbra)
The floor.
Unknown command.
Okay, then.
Unknown command.
Okay, then.
Unknown command.
A magic seal in the Gauntlet prevents long-range teleports.
Okay, then.
Unknown command.
Okay, then.
Unknown command.
Unknown command.
Press: ? - help, v - describe, . - travel
Here: a thrashing horror (umbra)
The floor.
Press: ? - help, v - describe, . - travel
Here: a thrashing horror (umbra)
The floor.
Okay, then.
Unknown command.
Casting: Confusing Touch (safe; 1% risk of failure)
Confirm with . or Enter, or press ? or * to list all spells.
Aiming: Ensorcelled Hibernation (safe; 1% risk of failure)
Press: ? - help, Shift-Dir - straight line, f - small abomination
Aim: a small abomination (umbra, not susceptible)
Okay, then.
Unknown command.
Okay, then.
Unknown command.
Aiming: Shadow Step
Press: ? - help, Dir - move target, f - minotaur
Aim: a minotaur, wielding the staff of air "Zimmamp" {rElec Str-4 Int+9}, wearing a +0 chain mail, wearing a ring of resist corrosion and quivering silver javelins (lightly wounded, wandering, hasn't noticed you, umbra)
You step into the minotaur's shadow.
The minotaur bellows!
The minotaur completely misses you. The minotaur gores you!
You die...

#....##.###..######
#.##.##..##........
#.##......#..###### #
#.##.##...#..#p.5.5 #
#.#....##.©.#8.#p###+
#≈≈.#.#.##.##x..#..#=#≈..
#≈∩...'†##.X..©.#∩.#5#≈©.
#≈≈.#.#.##.##...#..#5#≈..
# # #.@H.##.©.#8.#.###+
#.##.##...#..#^....
#.##......#..######
#.##.##..##........
#....##.###..######
##########≈..#.....
##..#..... #≈..###'##
##..#©†'..


You could see a minotaur, a thrashing horror and a small abomination.

Vanquished Creatures
  Nessos (D:12)
  A hydra (Lair:2)
  A catoblepas (D:13)
  A centaur warrior (D:13)
  A hell beast (Gauntlet)
  A boulder beetle (D:12)
  4 two-headed ogres
  Erolcha (D:11)
  An orc high priest (Orc:1)
  Urug (Orc:1)
  Nergalle (D:10)
  2 deep elf pyromancers (D:13)
  A large abomination (Gauntlet)
  3 orc sorcerers
  A cyclops (D:13)
  2 ugly things (D:12)
  2 manticores
  3 elephants (Lair:2)
  A black mamba (Lair:1)
  2 ice statues (IceCv)
  8 cane toads
  A yaktaur (shapeshifter) (D:13)
  An unseen horror (D:12)
  2 kobold demonologists
  An efreet (Gauntlet)
  4 komodo dragons
  An anaconda simulacrum (IceCv)
  8 ice devils
  2 polar bears (D:13)
  4 merfolk (Lair:3)
  6 trolls
  Prince Ribbit (D:8)
  3 meliai (D:13)
  2 wyverns
  33 yaks
  2 dire elephant simulacra (IceCv)
  3 wraiths
  2 basilisks (Lair:1)
  A fire elemental (Gauntlet)
  A steam dragon (D:10)
  2 wargs (Orc:2)
  2 redbacks (Lair:2)
  2 death yak simulacra (IceCv)
  3 vampire mosquitoes (D:12)
  Edmund (D:5)
  3 acid dragons
  4 hell hounds (Gauntlet)
  8 water moccasins
  A hydra simulacrum (IceCv)
  22 orc warriors
  A sky beast (D:7)
  A black bear (D:6)
  3 ice beasts
  6 ogres
  4 wolves (Lair:1)
  2 centaurs
  A phantom (D:6)
  6 kobold brigands
  An elf zombie (Ossuary)
  10 bullfrogs
  3 two-headed ogre simulacra (IceCv)
  A gnoll sergeant (D:7)
  4 scorpions
  6 small abominations (Gauntlet)
  9 wights
  A hornet simulacrum (D:10)
  2 elephant simulacra (IceCv)
  3 killer bees (D:11)
  9 howler monkeys
  2 electric eels (D:8)
  A gnoll bouda (D:7)
  A human zombie (Ossuary)
  15 orc priests
  A hound (D:6)
  2 sleepcaps (D:8)
  2 iguanas
  2 hell rats (Lair:1)
  24 orc wizards
  4 troll simulacra (IceCv)
  2 wolf simulacra (IceCv)
  5 mummies
  11 gnolls
  9 adders
  A naga simulacrum (IceCv)
  12 river rats
  A shadow imp (D:6)
  2 white imps (IceCv)
  3 ufetubi
  2 adder zombies (Ossuary)
  5 worms
  A dart slug (D:2)
  69 orcs
  9 ball pythons
  13 endoplasms
  2 giant cockroaches
  2 gnoll zombies (Ossuary)
  7 goblins
  4 hobgoblins
  4 jackals (D:4)
  19 kobolds
  2 quokkas
  7 bats
  4 frilled lizards
  A goblin zombie (D:5)
  A hobgoblin zombie (Ossuary)
  2 orc zombies (Ossuary)
  9 rats
  3 rat zombies (Ossuary)
504 creatures vanquished.

Vanquished Creatures (others)
  An orc wizard (Orc:1)
  A white imp (IceCv)
2 creatures vanquished.

Grand Total: 506 creatures vanquished

Notes
Turn   | Place    | Note
-------+----------+-------------------------------------------
     0 | D:1      | KyoPewz the Felid Enchanter began the quest for the Orb.
     0 | D:1      | Reached XP level 1. HP: 7/7 MP: 4/4
   124 | D:1      | Reached XP level 2. HP: 12/12 MP: 6/6
   322 | D:1      | Learned a level 2 spell: Ensorcelled Hibernation
  1000 | D:2      | Reached skill level 1 in Fighting
  1085 | D:2      | Reached XP level 3. HP: 12/15 MP: 7/7
  1182 | D:2      | Found a snail-covered altar of Cheibriados.
  2091 | D:3      | Found a faded altar of an unknown god.
  2204 | D:3      | Reached skill level 5 in Hexes
  2308 | D:3      | Reached XP level 4. HP: 19/19 MP: 5/8
  2740 | D:3      | Reached skill level 5 in Stealth
  2896 | D:3      | Reached XP level 5. HP: 22/22 MP: 9/9
  2900 | D:3      | Learned a level 3 spell: Tukima's Dance
  2904 | D:3      | Learned a level 3 spell: Confusing Touch
  3833 | D:4      | Noticed an ogre
  3904 | D:4      | Killed an ogre
  3905 | D:4      | Gained mutation: You are covered in thick fur. (AC +2)
                  | [Felid growth]
  3905 | D:4      | Reached XP level 6. HP: 19/27 MP: 1/10
  4165 | D:5      | Entered Level 5 of the Dungeon
  4188 | D:5      | Found a sand-covered staircase.
  4206 | Ossuary  | Entered an ossuary
  4303 | Ossuary  | Reached skill level 6 in Stealth
  4303 | Ossuary  | Reached skill level 1 in Ice Magic
  4544 | Ossuary  | Reached XP level 7. HP: 28/30 MP: 8/11
  4629 | D:5      | Reached skill level 5 in Dodging
  4664 | D:5      | Noticed Edmund
  4696 | D:5      | Found a glowing drain.
  4712 | Sewer    | Entered a sewer
  5177 | Sewer    | Reached skill level 7 in Stealth
  5649 | D:5      | Reached XP level 8. HP: 36/36 MP: 12/12
  6050 | D:5      | Killed Edmund
  6151 | D:5      | Reached skill level 8 in Stealth
  6404 | D:6      | Reached skill level 5 in Unarmed Combat
  6582 | D:6      | Reached skill level 5 in Fighting
  6816 | D:6      | Reached skill level 9 in Stealth
  6816 | D:6      | Reached XP level 9. HP: 40/40 MP: 13/13
  7672 | D:7      | Found a staircase to the Ecumenical Temple.
  7680 | Temple   | Entered the Ecumenical Temple
  8186 | D:7      | Reached skill level 10 in Stealth
  8267 | D:8      | Found Ithrairoxi's Jewellery Shoppe.
  8282 | D:8      | Noticed Prince Ribbit
  8326 | D:8      | Killed Prince Ribbit
  8902 | D:8      | Found a shadowy altar of Dithmenos.
  8911 | D:8      | Found a glowing silver altar of Zin.
  8923 | D:8      | Became a worshipper of Dithmenos the Shadowed
  8955 | D:8      | Reached XP level 10. HP: 38/46 MP: 14/14
  9247 | D:8      | Reached skill level 11 in Stealth
  9467 | D:9      | Reached skill level 10 in Dodging
  9730 | D:9      | Reached * piety under Dithmenos
  9788 | D:9      | Learned a level 3 spell: Dazzling Flash
 10124 | D:10     | Entered Level 10 of the Dungeon
 10136 | D:10     | Noticed Nergalle
 10210 | D:10     | Engulfed by a steam dragon's steam
 10211 | D:10     | Reached XP level 9. HP: 1/44 MP: 12/13
 10217 | D:10     | Noticed a komodo dragon
 10224 | D:10     | Killed a komodo dragon
 10225 | D:10     | Reached skill level 12 in Stealth
 10325 | D:10     | Found a snail-covered altar of Cheibriados.
 10358 | D:10     | Killed a komodo dragon
 10359 | D:10     | Reached XP level 10. HP: 48/48 MP: 5/14
 10520 | D:10     | Found a staircase to the Lair.
 10704 | D:10     | Reached ** piety under Dithmenos
 10954 | D:10     | Noticed a two-headed ogre
 10961 | D:10     | Killed a two-headed ogre
 11246 | D:10     | Killed Nergalle
 11247 | D:10     | Reached skill level 13 in Stealth
 11371 | D:11     | Noticed a two-headed ogre
 11383 | D:11     | Killed a two-headed ogre
 11384 | D:11     | Reached XP level 11. HP: 52/52 MP: 12/15
 11398 | D:11     | Noticed a two-headed ogre
 11406 | D:11     | Killed a two-headed ogre
 11485 | D:11     | HP: 2/79 [manticore (4)]
 11600 | D:11     | Noticed Erolcha
 11782 | D:11     | Killed Erolcha
 12216 | D:11     | Found a staircase to the Orcish Mines.
 12489 | D:12     | Noticed a green ugly thing
 12498 | D:12     | Killed a green ugly thing
 12518 | D:12     | Noticed a purple ugly thing
 12523 | D:12     | Killed a purple ugly thing
 12523 | D:12     | Reached *** piety under Dithmenos
 12606 | D:12     | Noticed a boulder beetle
 12651 | D:12     | Killed a boulder beetle
 12652 | D:12     | Reached skill level 14 in Stealth
 12992 | D:12     | Noticed Nessos
 12994 | D:12     | Killed Nessos
 12999 | D:12     | Found a shimmering blue altar of Sif Muna.
 13319 | D:13     | Found Beobruta's Jewellery Shoppe.
 13321 | D:13     | Found Wenuy's Magic Scroll Shoppe.
 13393 | D:13     | Found Riad's Distillery.
 13397 | D:13     | Found Ryffuuwn's Weapon Shoppe.
 13553 | D:13     | Found a frozen archway.
 13628 | IceCv    | Entered an ice cave
 13654 | IceCv    | Reached skill level 10 in Unarmed Combat
 13654 | IceCv    | Gained mutation: Your thick and shaggy fur keeps you warm.
                  | (AC +3, rC+) [Felid growth]
 13654 | IceCv    | Reached XP level 12. HP: 31/58 MP: 16/16
 13691 | IceCv    | Reached skill level 10 in Fighting
 14381 | IceCv    | Reached **** piety under Dithmenos
 14676 | IceCv    | Reached skill level 15 in Stealth
 14688 | IceCv    | Reached skill level 10 in Hexes
 14728 | IceCv    | Noticed a reaper
 15247 | D:13     | Bought a scroll of identify for 32 gold pieces
 15247 | D:13     | Bought a scroll of identify for 32 gold pieces
 15247 | D:13     | Bought a scroll of identify for 32 gold pieces
 15247 | D:13     | Bought a scroll of identify for 32 gold pieces
 15247 | D:13     | Bought a scroll of teleportation for 48 gold pieces
 15247 | D:13     | Bought a scroll of identify for 32 gold pieces
 15247 | D:13     | Bought a scroll of identify for 32 gold pieces
 15255 | D:13     | Bought a potion of heal wounds for 85 gold pieces
 15255 | D:13     | Bought a potion of heal wounds for 85 gold pieces
 15425 | D:13     | Noticed a catoblepas
 15463 | D:13     | Killed a catoblepas
 15602 | D:13     | Noticed a centaur warrior
 15611 | D:13     | Killed a centaur warrior
 15658 | D:13     | Found Wera's General Store.
 15664 | D:13     | Bought a potion of attraction for 42 gold pieces
 15664 | D:13     | Bought a scroll of identify for 28 gold pieces
 15729 | D:13     | Noticed a two-headed ogre
 15748 | D:13     | Killed a two-headed ogre
 15809 | D:13     | Found a bloodstained altar of Trog.
 16218 | Lair:1   | Entered Level 1 of the Lair of Beasts
 16600 | Lair:1   | Reached ***** piety under Dithmenos
 16828 | Lair:1   | Reached XP level 13. HP: 61/61 MP: 17/17
 16834 | Lair:1   | Reached skill level 1 in Evocations
 16839 | Lair:1   | Reached skill level 1 in Invocations
 16853 | Lair:1   | Reached skill level 1 in Conjurations
 17415 | Lair:2   | Found a hole to the Spider Nest.
 17905 | Lair:3   | Found a staircase to the Shoals.
 17931 | Lair:3   | Noticed Rupert
 18473 | Orc:1    | Entered Level 1 of the Orcish Mines
 18553 | Orc:1    | Found Mineqeukis's Assorted Antiques.
 19289 | Orc:1    | Noticed Urug
 19298 | Orc:1    | Killed Urug
 19650 | Orc:2    | Entered Level 2 of the Orcish Mines
 19681 | Orc:1    | Incinerated by a smoke demon
 19682 | Orc:1    | Reached XP level 12. HP: 1/58 MP: 9/19
 19762 | Orc:1    | Killed an orc high priest
 19798 | Orc:2    | Found a gate leading to a gauntlet.
 19830 | Orc:2    | Found a staircase to the Elven Halls.
 19834 | Gauntlet | Entered a Gauntlet
 19834 | Gauntlet | Found a transporter.
 19834 | Gauntlet | Found a transporter.
 19853 | Gauntlet | Found a transporter.
 19866 | Gauntlet | Found a transporter.
 19883 | Gauntlet | Found a transporter.
 19883 | Gauntlet | Found a transporter.
 19885 | Gauntlet | Found a transporter.
 19885 | Gauntlet | Found a transporter.
 19890 | Gauntlet | Found a runed translucent door.
 19899 | Gauntlet | Found a transporter.
 19913 | Gauntlet | Found a transporter.
 19915 | Gauntlet | Found a runed translucent door.
 19920 | Gauntlet | Noticed a hell beast
 19922 | Gauntlet | Found a runed translucent gate.
 19923 | Gauntlet | Found a transporter.
 19923 | Gauntlet | Found a runed translucent gate.
 19924 | Gauntlet | Found a runed translucent gate.
 19937 | Gauntlet | Found a transporter.
 19949 | Gauntlet | Found a transporter.
 19956 | Gauntlet | Found a transporter.
 19957 | Gauntlet | Found a runed translucent door.
 20188 | Gauntlet | Identified the ring "Kaqovej" {rPois Int+2 Dex+3}
 20266 | Gauntlet | Identified a scroll of acquirement
 20267 | Gauntlet | Acquired the Verses on the Curse
 20294 | Gauntlet | Identified the ring "Wikkof" {rPois rC+ rCorr Str-2 Slay+2}
 20304 | Gauntlet | Killed a hell beast
 20403 | Gauntlet | Identified the staff of air "Zimmamp" {rElec Str-4 Int+9}
 20403 | Gauntlet | Noticed a minotaur
 20412 | Gauntlet | HP: 2/58 [minotaur/the staff of air "Zimmamp" {rElec Str-4
                  | Int+9} (20)]
 20412 | Gauntlet | Mangled by a minotaur
 20413 | Gauntlet | Reached XP level 11. HP: -8/54 MP: 11/18
 20478 | Gauntlet | Slain by a minotaur

Illustrated notes

Levels and vault maps discovered:
D:1:      beargit_arrival_diablo_church, layout_basic,
          nicolae_concentric_dashed_squares_wild
D:2:      minmay_door_path, layout_basic, basic_altar
D:3:      layout_basic, ebering_ecumenical_altar_rust
D:4:      layout_loops_ring, grunt_decor_fettered
D:5:      layout_basic, portal_sewer_entry_d, enter_ossuary_3, uniq_edmund
D:6:      layout_loops_ring
D:7:      layout_basic, minmay_temple_entry_statues_pillars
D:8:      layout_cave_pools, mainiacjoe_overflow_swirl, serial_shops,
          nicolae_stop_n_shop_2, kennysheep_big_empty_room, uniq_prince_ribbit1
D:9:      layout_cross
D:10:     layout_roguey, slow_altar_1, grunt_lair_entry_orc_guard_hut,
          uniq_nergalle
D:11:     layout_loops_ring, hiddenorc1_lemuel, chequers_serial_rivers_small_3,
          uniq_erolcha
D:12:     layout_loops_ring, minmay_crystal_room, tgw_sif, uniq_nessos
D:13:     layout_loops_corners, serial_shops, kennysheep_little_box,
          portal_ice_cave_demonic_guard, minmay_shop_grid_forest,
          trog_ov_bears_minmay
Temple:   compressed_dpeg_triangle_lava_temple
Lair:1:   layout_loops_ring, kennysheep_rathole, serial_bayou_shore_a,
          lemuel_fruit_fields, infiniplex_staircase_pool
Lair:2:   layout_hall_layers, spider_nest_entry_webs,
          infiniplex_staircase_pool_2
Lair:3:   layout_hall_layers, elwin_shoals_entry_stream, tgw_fedhas, uniq_rupert
Orc:1:    nicolae_orc_accident_2, layout_caves, serial_shops,
          nicolae_shop_just_a_little_nook, nicolae_orc_pool_cavern,
          nicolae_orc_bridge_out, guppyfry_library_mini, uniq_urug
Orc:2:    hellmonk_orc_salted, layout_diamond_mine, gauntlet_entry_generic,
          basic_altar
Gauntlet: gammafunk_gauntlet_mixed_choke_point [minmay_gauntlet_arena_77_path,
          minmay_gauntlet_arena_77_two_lines, minmay_gauntlet_arena_77_fan,
          gammafunk_gauntlet_arena_spirals, minmay_gauntlet_arena_77_run_for_it,
          minmay_gauntlet_arena_77_shame_cube,
          minmay_gauntlet_arena_77_double_cross, gauntlet_exit_watery]

Skill      XL: |  1  2  3  4  5  6  7  8  9 10 11 12 13 |
---------------+----------------------------------------+-----
Dodging        | 3 4 6 7 11 10 12 | 12.0
Fighting       | 1 2 4 5 8 7 9 10 | 10.0
Hexes          | 5 6 8 10 11 | 11.8
Unarmed Combat | 2 3 4 5 8 9 10 13 | 13.0
Stealth        | 5 6 7 9 12 13 14 15 | 15.0
Ice Magic      | 1 2 4 |  4.0
Evocations     | 4 |  4.8
Invocations    | 4 3 |  4.3
Conjurations   | 3 |  3.0
Spellcasting   | 4 |  4.4

Action                     |  1- 3 |  4- 6 |  7- 9 | 10-12 | 13-15 || total
---------------------------+-------+-------+-------+-------+-------++-------
  Melee: Unarmed           |   143 |   187 |   352 |   857 |   275 ||  1814
         Punch             |     2 |     3 |    12 |    57 |    17 ||    91
         Bite              |    15 |    27 |    33 |   106 |    35 ||   216
   Cast: Ensorcelled Hiber |    16 |    24 |    85 |    83 |    20 ||   228
         Confusing Touch   |       |     6 |    10 |    21 |       ||    37
         Dazzling Flash    |       |       |       |    23 |       ||    23
 Invoke: Shadow Step       |       |       |       |     3 |       ||     3
  Evoke: Tin of tremorston |       |       |       |     2 |       ||     2
         Wand              |       |       |       |     4 |       ||     4
    Use: Potion            |     1 |       |       |    13 |       ||    14
         Scroll            |       |       |     6 |    15 |     3 ||    24
   Stab: Sleeping          |    16 |    16 |    45 |    75 |    25 ||   177
         Confused          |       |     7 |     5 |    16 |     1 ||    29
         Distracted        |       |       |     5 |     5 |     1 ||    11
         Invisible         |       |       |       |    18 |       ||    18
 Armour: Skin              |     6 |    18 |    11 |    71 |    25 ||   131
  Dodge: Dodged            |   117 |   173 |   292 |   842 |   284 ||  1708
